 Dungeon Crawl Stone Soup version 0.24-a0-479-g9a978d2894 (webtiles) character file.

Game seed: 11006261434312720186

126132 DasRunzen the Tortoise (level 16, -13/155 HPs)
             Began as a Minotaur Fighter on July 7, 2019.
             Was the Champion of Okawaru.
             Mangled by a dire elephant (22 damage)
             ... on level 5 of the Abyss.
             The game lasted 00:56:45 (23793 turns).

DasRunzen the Tortoise (Minotaur Fighter)          Turns: 23793, Time: 00:56:45

Health: -13/155    AC: 32    Str: 35      XL:     16   Next: 43%
Magic:  0/13       EV: 10    Int:  8 (13) God:    Okawaru [******]
Gold:   448        SH: 16    Dex: 12      Spells: 15/15 levels left

rFire    + + +     SeeInvis .   P - +11 long sword "Goblinbane" {slice, rElec}
rCold    . . .     Gourm    .   N - +0 shield {AC+3}
rNeg     . . .     Faith    +   t - +7 fire dragon scales of the Distant Future {rPois rF++ rC- Regen+ Str+5}
rPois    +         Spirit   +   (helmet unavailable)
rElec    +         Reflect  .   d - scarf {Spirit}
rCorr    .         Harm     .   i - +1 pair of gloves {Str+3}
MR       +....     Rnd*Tele +   c - +2 pair of boots of the Thistle {*Contam *Drain rF+ Int+8}
Stlth    ..........             h - amulet of faith
HPRegen  0.75/turn              a - ring of protection from cold
MPRegen  0.13/turn              I - +3 ring of strength

@: no status effects
A: retaliatory headbutt, horns 3, iridescent scales 1, thin skeletal structure
1, clumsy 1, low mp 1, teleportitis 1, weak 1, evolution 1
a: Heroism, Finesse, Renounce Religion


You were on level 5 of the Abyss.
You worshipped Okawaru.
Okawaru was exalted by your worship.
You were near starving.

You visited 4 branches of the dungeon, and saw 22 of its levels.
You visited the Abyss 2 times.

You collected 2613 gold pieces.
You spent 2165 gold pieces at shops.

Inventory:

Hand Weapons
 x - the +0 trident "Jixo" {freeze, +Inv MR- Int-4 Dex+9}
   (You bought it in a shop on level 9 of the Dungeon)

   It has been specially enchanted to freeze those struck by it, causing extra
   injury to most foes and up to half again as much damage against particularly
   susceptible opponents.
   It can also slow down cold-blooded creatures.
   It affects your intelligence (-4).
   It affects your dexterity (+9).
   It affects your resistance to hostile enchantments.
   It lets you turn invisible.
 E - a +5 war axe of venom
 H - a +1 war axe of electrocution
 P - the +11 long sword "Goblinbane" (weapon) {slice, rElec}
   (You found it on level 12 of the Dungeon)

   It inflicts extra damage upon your enemies.
   It insulates you from electricity.
Armour
 b - the +5 shield of Vexation {rCorr Dex+2, unknown}
   (Okawaru gifted it to you on level 2 of the Abyss)

   It affects your dexterity (+2).
   It provides partial protection from all sources of acid and corrosion.
 c - the +2 pair of boots of the Thistle (worn) {*Contam *Drain rF+ Int+8}
   (Okawaru gifted it to you on level 5 of the Lair of Beasts)

   It affects your intelligence (+8).
   It protects you from fire.
   It causes magical contamination when unequipped.
   It causes draining when unequipped.
 d - a scarf of spirit shield (worn)
 i - a +1 pair of gloves of strength (worn)
 n - a +1 hat of see invisible
 t - the +7 fire dragon scales of the Distant Future (worn) {rPois rF++ rC- Regen+ Str+5}
   (You bought it in a shop on level 2 of the Orcish Mines)

   It affects your strength (+5).
   It greatly protects you from fire.
   It makes you vulnerable to cold.
   It protects you from poison.
   It increases your rate of regeneration.
 A - the +3 hat "Zierum" {rF+ rC- MR+}
   (Okawaru gifted it to you on level 6 of the Lair of Beasts)

   It protects you from fire.
   It makes you vulnerable to cold.
   It affects your resistance to hostile enchantments.
 N - a +0 shield of protection (worn)
 X - the +0 pair of boots of the Known World {MR- Int+2 Dex+4, unknown}
   (Okawaru gifted it to you on level 1 of the Abyss)

   It affects your intelligence (+2).
   It affects your dexterity (+4).
   It affects your resistance to hostile enchantments.
Jewellery
 a - a ring of protection from cold (left hand)
 h - an amulet of faith (around neck)
 o - an uncursed ring of fire
 q - an uncursed amulet of the gourmand
 v - an uncursed ring of stealth
 C - an uncursed ring of flight
 I - a +3 ring of strength (right hand)
 M - an uncursed amulet of guardian spirit
 S - an uncursed ring of stealth
 T - a +3 ring of slaying {unknown}
 U - an uncursed ring of stealth
 V - an uncursed ring of ice {unknown}
Wands
 u - a wand of flame (11)
 z - a wand of paralysis (7)
 B - a wand of disintegration (44)
 J - a wand of acid (4)
 Q - a wand of clouds (2)
Scrolls
 j - 10 scrolls of remove curse
 p - 2 scrolls of blinking
 r - 4 scrolls of amnesia
 s - 2 scrolls of fear
 D - 6 scrolls of identify
 F - 5 scrolls of magic mapping
 O - a scroll of enchant weapon
 R - a scroll of fog
 W - a scroll of silence
Potions
 e - 3 potions of magic
 g - 4 potions of haste
 l - 3 potions of lignification
 w - a potion of resistance
 G - a potion of flight
 K - a potion of brilliance
 L - a potion of agility
Comestibles
 f - 48 rations


   Skills:
 + Level 17.3 Fighting
 + Level 9.5 Long Blades
 - Level 10.2(12.5) Axes
 - Level 12.0(13.4) Polearms
 + Level 17.4 Armour
 + Level 17.3 Shields


You had 15 spell levels left.
You didn't know any spells.
Your spell library contained the following spells:

 Spells                   Type           Power        Failure   Level  Hunger
 Flame Tongue             Conj/Fire      #....        56%         1    ##.....
 Freeze                   Ice            #...         56%         1    ##.....
 Summon Small Mammal      Summ           #...         56%         1    ##.....
 Call Imp                 Summ           #.......     71%         2    ###....
 Throw Flame              Conj/Fire      #.....       71%         2    ###....
 Throw Frost              Conj/Ice       #.....       71%         2    ###....
 Call Canine Familiar     Summ           #.......     91%         3    ####...
 Conjure Flame            Conj/Fire      #.......     91%         3    ####...
 Inner Flame              Hex/Fire       #.......     91%         3    ####...
 Ozocubu's Armour         Chrm/Ice       #.......     91%         3    ####...
 Summon Guardian Golem    Hex/Summ       #.......     91%         3    ####...
 Cause Fear               Hex            #.........   100%        4    #####..
 Sticky Flame             Conj/Fire      #.......     100%        4    #####..
 Summon Ice Beast         Ice/Summ       #.......     100%        4    #####..
 Summon Lightning Spire   Summ/Air       #.......     100%        4    #####..
 Throw Icicle             Conj/Ice       #.......     100%        4    #####..
 Fireball                 Conj/Fire      #.........   100%        5    ######.
 Silence                  Hex/Air        #.........   100%        5    ######.
 Yara's Violent Unravell  Hex/Tmut       #.........   100%        5    ######.
 Deflect Missiles         Chrm/Air       #.........   100%        6    #######
 Discord                  Hex            #.........   100%        8    #######


Dungeon Overview and Level Annotations

Branches:
Dungeon (13/15)            Temple (1/1) D:5            Lair (6/6) D:9
 Shoals (0/4) Lair:3        Snake (0/4) Lair:3        Slime (0/5) Lair:6
    Orc (2/2) D:10            Elf (0/3) Orc:2
 Vaults: D:13-14

Altars:
Ashenzari
Cheibriados
Dithmenos
Elyvilon
Fedhas
Gozag
Hepliaklqana
Kikubaaqudgha
Makhleb
Nemelex Xobeh
Okawaru
Qazlal
Ru
Sif Muna
Trog
Uskayaw
Vehumet
Wu Jian
Xom
Yredelemnul
Zin
The Shining One
Beogh

Shops:
D:9 (   D:11 =   Orc:1 (   Orc:2 *}?*

Portals:
Trove: D:10 (give +6 demon whip)

Annotations:
D:5 2 transporters, milododd's ghost, novice HaFi
D:6 1 transporter
D:13 Sonja


Innate Abilities, Weirdness & Mutations

You reflexively headbutt those who attack you in melee.
You have a pair of large horns on your head.
You are partially covered in iridescent scales. (AC +2)
You have a somewhat thin skeletal structure. (Dex +2, Stealth)
You are clumsy. (Dex -2)
Your magical capacity is low. (-10% MP)
You are occasionally teleported next to monsters.
You are weak. (Str -2)
You evolve.


Message History

You block the dire elephant's attack. x2
You slash the dire elephant!
The dire elephant is almost dead.
You hear a trumpeting!
You block the spatial maelstrom's attack. x2
The dire elephant tramples you!!
* * * LOW HITPOINT WARNING * * *
You hold your ground!
You block the dire elephant's attack. The dire elephant tramples you!
* * * LOW HITPOINT WARNING * * *
You hold your ground!
The dire elephant trunk-slaps you but does no damage.
You hear a trumpeting!
A spatial vortex comes into view.
You hit the dire elephant but do no damage.
You headbutt the dire elephant!!
You kill the dire elephant!
Okawaru accepts your kill. The dire elephant tramples you!!
You die...

.≈..≈#.#
≈§≈..≈## ##
###≈≈≈..≈#
§.≈≈≈§≈§≈≈..#
§Y...≈≈≈≈≈≈§#
v ..§§§§§§≈≈.
#### #§§§§#
#.vvv##Y§≈#
#v_vY'@†.§#
#.qvY##Yv≈#
#### §Y≈≈#
≈§§≈≈
§§§§§≈§..
§§§§≈≈§§#
§≈≈.§§#
≈≈..≈#.


You could see a hellephant, 4 dire elephants, a purple draconian shifter, a
spatial maelstrom and 6 spatial vortices.

Vanquished Creatures
  3 bone dragons
  A quicksilver dragon (Abyss:4)
  8 tentacled starspawn
  Gastronok (D:9)
  A daeva (Abyss:2)
  3 very ugly things (Abyss:4)
  3 lorocyprocas
  A dire elephant (Abyss:5)
  Snorg (Orc:2)
  Erolcha (D:9)
  A rakshasa (Abyss:1)
  4 hydras
  Erica (D:8)
  5 death yaks (Lair:6)
  2 two-headed ogres (D:11)
  2 hell hogs (Abyss:2)
  4 thrashing horrors
  5 orc high priests (Orc:2)
  A spatial maelstrom (Abyss:5)
  A soul eater (Abyss:5)
  2 sixfirhies
  A titan skeleton (Abyss:4)
  2 wretched stars
  2 deep trolls (D:11)
  3 glowing orange brains
  A lindwurm (shapeshifter) (Abyss:1)
  6 orc knights
  A shadow dragon skeleton (Abyss:1)
  16 large abominations
  An oklob plant (Lair:6)
  An orc sorcerer (Orc:2)
  2 ugly things
  3 cyclopes
  6 black mambas
  A guardian serpent (Abyss:3)
  A toenail golem (Abyss:1)
  5 elephants (Lair:2)
  2 orange demons
  An apocalypse crab (Abyss:2)
  8 smoke demons
  An efreet (Abyss:2)
  4 kobold demonologists (D:12)
  5 spiny frogs
  A freezing wraith (Abyss:5)
  A demonic crawler (Abyss:2)
  A hellwing (Abyss:2)
  6 rime drakes
  4 komodo dragons
  4 ancient zymes (Abyss:2)
  5 polar bears (Lair:6)
  4 hornets
  12 trolls
  9 raiju
  24 blink frogs
  A dream sheep (Lair:6)
  4 hippogriffs
  12 slime creatures
  An ice dragon zombie (Abyss:3)
  14 small abominations
  2 vampires
  13 spriggans (Lair:6)
  2 ynoxinuls
  A fire dragon skeleton (Abyss:3)
  3 chaos spawn
  3 wyverns
  35 yaks
  3 hungry ghosts
  6 spatial vortices (Abyss:5)
  3 basilisks
  5 neqoxecs
  2 nagas (Lair:3)
  An insubstantial wisp (Abyss:1)
  A soldier ant (D:8)
  7 hell hounds
  6 porcupines
  16 water moccasins
  30 orc warriors
  A hornet zombie (D:10)
  6 ice beasts
  4 phantoms
  4 black bears (Lair:6)
  2 sky beasts
  A necrophage (D:11)
  19 wolves (Lair:6)
  An ettin simulacrum (Abyss:1)
  9 ogres
  4 centaurs
  9 crocodiles
  5 boggarts (Lair:6)
  4 big kobolds
  19 bullfrogs
  3 wyvern skeletons
  3 scorpions
  3 troll zombies (D:10)
  5 killer bees
  6 electric eels
  2 howler monkeys
  5 crimson imps
  33 starcursed masses
  5 jellies
  27 orc priests
  2 bullfrog skeletons
  A bullfrog zombie (D:10)
  3 centaur skeletons
  5 hounds
  4 quasits
  17 orc wizards
  3 iron imps
  3 iguanas
  3 hell rats (Lair:1)
  9 worker ants
  A killer bee zombie (D:7)
  8 ogre zombies
  A hound skeleton (D:5)
  A mummy (D:5)
  2 worker ant zombies
  9 adders
  6 gnolls
  2 river rats (Lair:1)
  A shadow imp (D:6)
  4 white imps
  An ooze (D:1)
  An adder zombie (D:6)
  2 worms
  2 dart slugs
  4 leopard geckos
  73 orcs
  7 giant cockroaches
  3 goblins
  8 hobgoblins
  10 jackals
  3 quokkas
  6 bats
  4 frilled lizards
  3 goblin skeletons (D:10)
  4 goblin zombies (D:10)
  2 hobgoblin skeletons (D:10)
  A hobgoblin zombie (D:10)
  A jackal zombie (D:7)
  17 kobolds
  5 orc skeletons (D:10)
  10 orc zombies (D:10)
  9 rats
  A plant (D:6)
  11 starspawn tentacles
819 creatures vanquished.

Vanquished Creatures (others)
  A hell hog (Abyss:2)
  A raiju (Abyss:2)
  A quokka (D:6)
  2 bushes (Lair:6)
  A fungus (Lair:6)
  A lurking horror (Abyss:2)
  6 plants
  27 starspawn tentacles
40 creatures vanquished.

Grand Total: 859 creatures vanquished

Notes
Turn   | Place    | Note
-------+----------+-------------------------------------------
     0 | D:1      | DasRunzen the Minotaur Fighter began the quest for the Orb.
     0 | D:1      | Reached XP level 1. HP: 19/19 MP: 0/0
   151 | D:1      | Reached XP level 2. HP: 27/27 MP: 1/1
   643 | D:2      | Found a radiant altar of Vehumet.
   797 | D:2      | Reached XP level 3. HP: 33/33 MP: 2/2
   841 | D:2      | Found a blossoming altar of Fedhas.
  1115 | D:2      | Reached XP level 4. HP: 41/41 MP: 3/3
  2356 | D:4      | Found a shadowy altar of Dithmenos.
  2373 | D:4      | Reached XP level 5. HP: 45/47 MP: 4/4
  2739 | D:4      | Found a transporter.
  2949 | D:4      | Noticed an ogre
  2952 | D:4      | Killed an ogre
  2952 | D:4      | Reached skill level 5 in Fighting
  2952 | D:4      | Reached skill level 5 in Armour
  2952 | D:4      | Reached skill level 5 in Shields
  2979 | D:4      | Found a transporter.
  3006 | D:4      | Found a hazy altar of Hepliaklqana.
  3059 | D:4      | Reached XP level 6. HP: 31/56 MP: 5/5
  3383 | D:4      | Gained mutation: You are resistant to hostile enchantments.
                  | (MR+) [potion of mutation]
  3383 | D:4      | Gained mutation: You are occasionally teleported next to
                  | monsters. [potion of mutation]
  3383 | D:4      | Gained mutation: You are agile. (Dex +2) [potion of
                  | mutation]
  3394 | D:4      | Got a dazzling chain mail
  3405 | D:4      | Identified the +1 chain mail "Amylet" {+Blink rPois Slay+2}
                  | (You found it on level 4 of the Dungeon)
  3628 | D:5      | Entered Level 5 of the Dungeon
  3670 | D:5      | Found a snail-covered altar of Cheibriados.
  3803 | D:5      | Found an ornate altar of the Wu Jian Council.
  3816 | D:5      | Found a transporter.
  3816 | D:5      | Found a transporter.
  3816 | D:5      | Noticed milododd's ghost (novice HaFi)
  3852 | D:5      | Found a staircase to the Ecumenical Temple.
  3892 | D:5      | Noticed an ice beast
  3900 | D:5      | Killed an ice beast
  3900 | D:5      | Reached skill level 5 in Axes
  3900 | D:5      | Reached XP level 7. HP: 62/62 MP: 6/6
  4085 | Temple   | Entered the Ecumenical Temple
  4107 | Temple   | Became a worshipper of Warmaster Okawaru
  4582 | D:6      | Reached XP level 8. HP: 52/71 MP: 7/7
  4717 | D:6      | Reached * piety under Okawaru
  5473 | D:6      | HP: 3/73 [electric eel/bolt of electricity (2)]
  6223 | D:6      | Found a sparkling altar of Nemelex Xobeh.
  6223 | D:6      | Found a transporter.
  6223 | D:6      | Noticed an orc knight
  6459 | D:7      | Found a shimmering altar of Xom.
  6494 | D:7      | Reached ** piety under Okawaru
  6736 | D:7      | Reached XP level 9. HP: 81/81 MP: 8/8
  7129 | D:8      | Noticed Erica
  7148 | D:8      | Killed Erica
  7148 | D:8      | Reached *** piety under Okawaru
  7705 | D:8      | Reached **** piety under Okawaru
  8027 | D:9      | Found a staircase to the Lair.
  8074 | D:9      | Noticed a troll
  8089 | D:9      | Killed a troll
  8166 | D:9      | Noticed Gastronok
  8177 | D:9      | Killed Gastronok
  8177 | D:9      | Reached skill level 10 in Fighting
  8177 | D:9      | Reached skill level 10 in Armour
  8177 | D:9      | Reached skill level 10 in Shields
  8177 | D:9      | Reached XP level 10. HP: 50/93 MP: 9/9
  8347 | D:9      | Lost mutation: You are occasionally teleported next to
                  | monsters. [potion of mutation]
  8347 | D:9      | Lost mutation: You are resistant to hostile enchantments.
                  | (MR+) [potion of mutation]
  8347 | D:9      | Lost mutation: You are agile. (Dex +2) [potion of mutation]
  8347 | D:9      | Gained mutation: You are weak. (Str -2) [potion of
                  | mutation]
  8347 | D:9      | Gained mutation: Your mind is acute. (Int +2) [potion of
                  | mutation]
  8347 | D:9      | Gained mutation: You evolve. [potion of mutation]
  8397 | D:9      | Received a gift from Okawaru
  8406 | D:9      | Reached ***** piety under Okawaru
  8513 | D:9      | Noticed Erolcha
  8525 | D:9      | Killed Erolcha
  8525 | D:9      | Reached skill level 10 in Axes
  8730 | D:9      | Found Bacugri's Antique Weapon Boutique.
  8736 | D:9      | Bought a crystal trident for 280 gold pieces
  8736 | D:9      | Identified the cursed +0 trident "Jixo" {freeze, +Inv MR-
                  | Int-4 Dex+9} (You bought it in a shop on level 9 of the
                  | Dungeon)
  8955 | D:10     | Entered Level 10 of the Dungeon
  9089 | D:10     | Reached skill level 1 in Polearms
  9199 | D:10     | Got a crude chain mail
  9210 | D:10     | Identified the +5 chain mail "Dyiwn" {Int+3} (You found it
                  | on level 10 of the Dungeon)
  9281 | D:10     | Found a staircase to the Orcish Mines.
  9334 | D:10     | Reached XP level 11. HP: 100/101 MP: 10/10
  9512 | D:10     | Found a portal to a secret trove of treasure.
  9638 | D:9      | Received a gift from Okawaru
  9960 | D:11     | Noticed a two-headed ogre
  9966 | D:11     | Lost mutation: You are weak. (Str -2) [evolution]
  9968 | D:11     | Killed a two-headed ogre
 10204 | D:11     | Found Aset Eci's Jewellery Shoppe.
 10225 | D:11     | Noticed a two-headed ogre
 10234 | D:11     | Killed a two-headed ogre
 10234 | D:11     | Reached ****** piety under Okawaru
 10234 | D:11     | Received a gift from Okawaru
 10263 | D:11     | Noticed a green ugly thing
 10274 | D:11     | Killed a green ugly thing
 10580 | D:11     | Reached skill level 5 in Polearms
 10600 | D:11     | Noticed a deep troll
 11009 | Lair:1   | Entered Level 1 of the Lair of Beasts
 11271 | Lair:1   | Reached XP level 12. HP: 112/112 MP: 11/11
 11287 | Lair:1   | Received a gift from Okawaru
 11699 | Lair:2   | Noticed an eight-headed hydra
 11703 | Lair:2   | Killed an eight-headed hydra
 11817 | Lair:2   | Received a gift from Okawaru
 11842 | Lair:2   | Gained mutation: You are partially covered in iridescent
                  | scales. (AC +2) [evolution]
 12297 | Lair:3   | Found a staircase to the Shoals.
 12811 | Lair:3   | Found a staircase to the Snake Pit.
 13446 | Lair:4   | Noticed a six-headed hydra
 13453 | Lair:4   | Killed a six-headed hydra
 14030 | Lair:5   | Noticed a six-headed hydra
 14040 | Lair:5   | Killed a six-headed hydra
 14196 | Lair:5   | Reached XP level 13. HP: 118/122 MP: 12/12
 14393 | Lair:5   | Received a gift from Okawaru
 14396 | Lair:5   | Got a pair of polished boots {god gift}
 14407 | Lair:5   | Identified the +2 pair of boots of the Thistle {*Contam
                  | *Drain rF+ Int+8} (Okawaru gifted it to you on level 5 of
                  | the Lair of Beasts)
 14854 | Lair:6   | Entered Level 6 of the Lair of Beasts
 15312 | Lair:6   | Reached skill level 10 in Polearms
 15832 | Lair:6   | Received a gift from Okawaru
 15842 | Lair:6   | Got a scorched hat {god gift}
 15853 | Lair:6   | Identified the +3 hat "Zierum" {rF+ rC- MR+} (Okawaru
                  | gifted it to you on level 6 of the Lair of Beasts)
 16488 | Lair:6   | Found a staircase to the Slime Pits.
 16566 | Lair:6   | Reached XP level 14. HP: 84/133 MP: 13/13
 16656 | Lair:6   | Received a gift from Okawaru
 16831 | Lair:6   | Gained mutation: You have a somewhat thin skeletal
                  | structure. (Dex +2, Stealth) [evolution]
 17103 | Orc:1    | Entered Level 1 of the Orcish Mines
 17249 | Orc:2    | Entered Level 2 of the Orcish Mines
 17249 | Orc:2    | Noticed Snorg
 17257 | Orc:2    | Killed Snorg
 18117 | Orc:2    | Found a staircase to the Elven Halls.
 18261 | Orc:1    | Found Juntitef's Weapon Shop.
 18271 | Orc:1    | Found a roughly hewn altar of Beogh.
 19406 | Orc:1    | Reached skill level 15 in Fighting
 19406 | Orc:1    | Reached skill level 15 in Shields
 19521 | Orc:2    | Reached skill level 15 in Armour
 19810 | Orc:2    | Found Ajais's Assorted Antiques.
 19810 | Orc:2    | Found Ivanub's General Store.
 19811 | Orc:2    | Found Goseavak's Magic Scroll Shop.
 19811 | Orc:2    | Found Verph's Gadget Boutique.
 19826 | Orc:2    | Bought faintly humming fire dragon scales for 1885 gold
                  | pieces
 19837 | Orc:2    | Identified the +7 fire dragon scales of the Distant Future
                  | {rPois rF++ rC- Regen+ Str+5} (You bought it in a shop on
                  | level 2 of the Orcish Mines)
 19968 | D:11     | Received a gift from Okawaru
 20427 | D:12     | Found an ornate altar of the Wu Jian Council.
 20499 | D:12     | Got a brightly glowing long sword
 20500 | D:12     | Identified the +11 long sword "Goblinbane" {slice, rElec}
                  | (You found it on level 12 of the Dungeon)
 20637 | D:12     | Reached skill level 1 in Long Blades
 21380 | D:13     | Noticed Sonja
 21384 | D:13     | Cast into level 1 of the Abyss (Sonja)
 21435 | Abyss:2  | Noticed a starcursed mass
 21459 | Abyss:2  | Noticed a tentacled starspawn
 21471 | Abyss:2  | Killed a tentacled starspawn
 21580 | Abyss:2  | Noticed a starcursed mass
 21588 | Abyss:2  | Noticed a tentacled starspawn
 21595 | Abyss:2  | Reached XP level 15. HP: 39/143 MP: 5/14
 21606 | Abyss:2  | Received a gift from Okawaru
 21609 | Abyss:2  | HP: 7/143 [starcursed mass/accursed screaming (5)]
 21688 | Abyss:2  | Gained mutation: You are weak. (Str -2) [a neqoxec]
 21690 | Abyss:2  | Noticed a tentacled starspawn
 21708 | Abyss:2  | Killed a tentacled starspawn
 21779 | Abyss:2  | Killed a tentacled starspawn
 21831 | Abyss:2  | Reached skill level 5 in Long Blades
 21916 | D:13     | Escaped the Abyss
 21994 | D:13     | Cast into level 1 of the Abyss (Sonja)
 22025 | Abyss:1  | Received a gift from Okawaru
 22028 | Abyss:1  | Got a pair of polished boots {god gift}
 22153 | Abyss:1  | Noticed a tentacled starspawn
 22167 | Abyss:1  | Found a corrupted altar of Lugonu.
 22171 | Abyss:1  | Killed a tentacled starspawn
 22239 | Abyss:1  | Noticed a bone dragon
 22261 | Abyss:1  | Killed a bone dragon
 22346 | Abyss:1  | Noticed a tentacled starspawn
 22370 | Abyss:1  | Killed a tentacled starspawn
 22435 | Abyss:1  | Noticed a bone dragon
 22460 | Abyss:1  | Killed a bone dragon
 22554 | Abyss:1  | Paralysed by accursed screaming for 1 turns
 22562 | Abyss:1  | HP: 3/145 [starcursed mass/accursed screaming (6)]
 22747 | Abyss:2  | Noticed a tentacled starspawn
 22875 | Abyss:2  | Received a gift from Okawaru
 22880 | Abyss:2  | Noticed a daeva
 22886 | Abyss:2  | Got a heavily runed shield {god gift}
 22905 | Abyss:2  | Killed a daeva
 22912 | Abyss:2  | Killed a tentacled starspawn
 22962 | Abyss:2  | Noticed a bone dragon
 22989 | Abyss:2  | Killed a bone dragon
 23006 | Abyss:3  | Found a shadowy altar of Dithmenos.
 23103 | Abyss:3  | Lost mutation: Your mind is acute. (Int +2) [a neqoxec]
 23136 | Abyss:3  | Gained mutation: You have a pair of large horns on your
                  | head. [a neqoxec]
 23140 | Abyss:3  | Reached XP level 16. HP: 124/154 MP: 15/15
 23170 | Abyss:3  | Gained mutation: You are occasionally teleported next to
                  | monsters. [a neqoxec]
 23172 | Abyss:3  | Gained mutation: You are clumsy. (Dex -2) [a neqoxec]
 23184 | Abyss:3  | Noticed a tentacled starspawn
 23354 | Abyss:4  | Noticed a quicksilver dragon
 23376 | Abyss:4  | Killed a quicksilver dragon
 23389 | Abyss:4  | Received a gift from Okawaru
 23411 | Abyss:5  | Entered Level 5 of the Abyss
 23411 | Abyss:5  | Entered Level 5 of the Abyss
 23513 | Abyss:5  | Noticed a tentacled starspawn
 23532 | Abyss:5  | Killed a tentacled starspawn
 23539 | Abyss:5  | Noticed a profane servitor
 23549 | Abyss:5  | Noticed a tentacled starspawn
 23562 | Abyss:5  | Killed a tentacled starspawn
 23712 | Abyss:5  | Found a corrupted altar of Lugonu.
 23733 | Abyss:5  | Gained mutation: Your magical capacity is low. (-10% MP) [a
                  | neqoxec]
 23776 | Abyss:5  | HP: 5/155 [thrashing horror (5)]
 23790 | Abyss:5  | Found a corrupted altar of Lugonu.
 23790 | Abyss:5  | Noticed a hellephant
 23793 | Abyss:5  | Mangled by a dire elephant

Levels and vault maps discovered:
D:1:      minmay_arrival_shattered_statue, layout_loops_ring
D:2:      layout_loops_ring, fedhas_altar_fruit_tree, vehumet_crystals,
          minmay_pentomino_v2
D:3:      layout_loops_corners
D:4:      gammafunk_cloud_chamber, layout_basic, nicolae_dithmenos_the_darkroom,
          kennysheep_little_box
D:5:      layout_loops_ring, slow_altar_1, kennysheep_mini_moat,
          temple_fountains, first_ration, gammafunk_ghost_arena
D:6:      layout_loops_ring, serial_bayou, serial_bayou_shore_b,
          serial_bayou_pond_b, serial_bayou_lake_a, serial_bayou_lagoon_a,
          serial_bayou_pond_a, grunt_nemelex_the_gamble
D:7:      layout_basic, lemuel_crystal_altar, minmay_fractal_squares_5
D:8:      layout_cave_pools, hangedman_pestilent_swarm, feat_on_display,
          uniq_erica
D:9:      layout_basic, lair_entry_dummy, serial_shops, nicolae_shop_trees,
          uniq_erolcha, uniq_gastronok
D:10:     layout_cross, zombieorc2_lemuel, enter_trove_3
D:11:     lemuel_troll_bridge, layout_basic, serial_shops, shop,
          minmay_fire_ice_demons
D:12:     layout_grid_maze, basic_altar
D:13:     layout_loops_ring, minmay_ruined_shrine, uniq_sonja
Temple:   bh_familiar_temple
Lair:1:   layout_hall_layers, kennysheep_abandoned_house
Lair:2:   layout_chaotic_city, lemuel_fruit_fields, grunt_megastairs_2
Lair:3:   layout_loops_ring, minmay_shoals_entry_centaurs,
          guppyfry_snake_entry_island, grunt_megastairs_3, lemuel_fruit_tree
Lair:4:   layout_long_grid, minmay_lair_drake_nest, grunt_megastairs_4
Lair:5:   layout_cave_pods
Lair:6:   minmay_lair_end_enchanted_forest, layout_regular_city,
          minmay_slime_entry_pillars
Orc:1:    layout_diamond_mine, serial_shops, shop, basic_altar
Orc:2:    st_orc_pillars, layout_diamond_mine, uniq_snorg
Abyss:5:  hangedman_abyss_overflow_altar, kilobyte_mutagenic_chamber,
          evilmike_nicolae_abyss_rune_betentacled_crabyss,
          evilmike_abyss_exit_chaos

Skill      XL: |  1  2  3  4  5  6  7  8  9 10 11 12 13 14 15 16 |
---------------+-------------------------------------------------+-----
Shields        | 4 5 6 7 10 12 13 14 15 16 17 | 17.3
Fighting       | 4 5 6 7 10 12 13 14 15 16 17 | 17.3
Armour         | 4 5 6 7 10 12 13 14 15 16 17 | 17.4
Axes           | 3 4 5 7 9 10 | 10.2
Polearms       | 2 6 9 11 12 | 12.0
Long Blades    | 4 8 9 |  9.5

Action                   |  1- 3 |  4- 6 |  7- 9 | 10-12 | 13-15 | 16-18 || total
-------------------------+-------+-------+-------+-------+-------+-------++-------
Melee: War axe           |    61 |    91 |   274 |    32 |       |       ||   458
       Headbutt          |     8 |    17 |    60 |   229 |   531 |    86 ||   931
       Trident           |       |       |       |   749 |   968 |       ||  1717
       Long sword        |       |       |       |       |   580 |   234 ||   814
Invok: Heroism           |       |       |     1 |     2 |     5 |     4 ||    12
  Use: Scroll            |     6 |     3 |    11 |     6 |     6 |     3 ||    35
       Potion            |       |     5 |       |     1 |    13 |     6 ||    25
  Eat: Chunk             |     1 |     4 |    10 |    16 |    24 |     1 ||    56
       Ration            |       |     1 |     3 |     1 |     2 |       ||     7
Armor: Scale mail        |    36 |    16 |       |       |       |       ||    52
       Chain mail        |       |    21 |   111 |   257 |   238 |       ||   627
       Fire dragon scale |       |       |       |       |   434 |   172 ||   606
Dodge: Dodged            |    24 |    22 |    40 |   125 |   366 |    84 ||   661
Block: Shield            |    36 |    35 |   115 |   442 |   975 |   171 ||  1774
       Rpst.: Long sword |       |       |       |       |    39 |    17 ||    56

Table legend:
 A = Non-vault XP
 B = Vault XP
 C = Vault XP percentage of total XP
 D = Non-vault monster count
 E = Vault monster count
 F = Vault count percentage of total count
                 A         B        C        D         E       F
            +---------+---------+-------+---------+---------+-------
      Total |  140453 |   39736 |  22.1 |     596 |     211 |  26.1
            +---------+---------+-------+---------+---------+-------
        D:1 |      31 |       0 |   0.0 |      18 |       0 |   0.0
        D:2 |      73 |      14 |  16.1 |      14 |       2 |  12.5
        D:3 |      46 |       0 |   0.0 |      17 |       0 |   0.0
        D:4 |     215 |      77 |  26.4 |       5 |       3 |  37.5
        D:5 |     685 |      18 |   2.6 |      22 |       1 |   4.3
        D:6 |    1152 |      15 |   1.3 |      26 |       2 |   7.1
        D:7 |     809 |      82 |   9.2 |      20 |       2 |   9.1
        D:8 |     410 |    1392 |  77.2 |       8 |       5 |  38.5
        D:9 |    2694 |    3071 |  53.3 |      22 |       2 |   8.3
       D:10 |    1371 |     739 |  35.0 |      30 |      36 |  54.5
       D:11 |    5468 |    4531 |  45.3 |      29 |      15 |  34.1
       D:12 |    7742 |       0 |   0.0 |      48 |       0 |   0.0
       D:13 |     530 |       0 |   0.0 |       9 |       0 |   0.0
     Lair:1 |    1576 |     469 |  22.9 |       8 |       9 |  52.9
     Lair:2 |    5777 |     881 |  13.2 |      21 |       4 |  16.0
     Lair:3 |    3392 |     821 |  19.5 |      19 |       6 |  24.0
     Lair:4 |     651 |    2622 |  80.1 |       3 |       6 |  66.7
     Lair:5 |    2359 |       0 |   0.0 |       8 |       0 |   0.0
     Lair:6 |   18600 |    8018 |  30.1 |      57 |      49 |  46.2
      Orc:1 |    1734 |    1880 |  52.0 |      22 |       4 |  15.4
      Orc:2 |    1508 |   10152 |  87.1 |      25 |      56 |  69.1
    Abyss:1 |   24933 |    2264 |   8.3 |      51 |       1 |   1.9
    Abyss:2 |   32642 |       0 |   0.0 |      61 |       0 |   0.0
    Abyss:3 |    4713 |     639 |  11.9 |      18 |       2 |  10.0
    Abyss:4 |   10283 |       0 |   0.0 |      11 |       0 |   0.0
    Abyss:5 |   11059 |    2051 |  15.6 |      24 |       6 |  20.0
            +---------+---------+-------+---------+---------+-------
